 Dungeon Crawl Stone Soup version 0.26-a0-837-g5a8a614f01 (webtiles) character file.

Game seed: 3223321958560087953

19842 RaHiT the Covert (level 12, -5/79 HPs)
             Began as an Octopode Delver on Nov 18, 2020.
             Was the Champion of Cheibriados.
             Slain by a cane toad (6 damage)
             ... while petrified by a basilisk
             ... on level 3 of the Lair of Beasts.
             The game lasted 01:28:57 (12747 turns).

RaHiT the Covert (Octopode Delver)                 Turns: 12747, Time: 01:28:58

Health: -5/79      AC:  3    Str: 27    XL:     12   Next: 73%
Magic:  19/19      EV:  2    Int: 32    God:    Cheibriados [******]
Gold:   2551       SH:  0    Dex: 28    Spells: 21/21 levels left

rFire    + . .     SeeInvis .     - Unarmed
rCold    + . .     Faith    .   m - +0 buckler
rNeg     + + +     Spirit   .   F - +2 hat {MR+}
rPois    ∞         Reflect  +   J - amulet of reflection
rElec    .         Harm     .   k - ring of protection from fire
rCorr    +         Rampage  .   K - ring of protection from cold
MR       +....                  L - ring of resist corrosion
Stlth    ++++++....             (no ring)
HPRegen  0.63/turn              (no ring)
MPRegen  0.16/turn              (no ring)
                                (no ring)
                                (no ring)

@: lethally poisoned (-5 -> -5), petrified, studying Throwing, very slow
A: almost no armour, stealthy swim, amphibious, 8 rings, constrict 8, tentacle
spike 1, camouflage 1, blurry vision 1, regeneration 1, gelatinous body 1
a: Bend Time, Temporal Distortion, Slouch, Step From Time, Renounce Religion


You were on level 3 of the Lair of Beasts.
You worshipped Cheibriados.
Cheibriados was exalted by your worship.
You visited 3 branches of the dungeon, and saw 15 of its levels.
You also visited: Ossuary.

You collected 2551 gold pieces.

Inventory:

Missiles
 d - 2 boomerangs of dispersal
 n - 219 arrows
 p - 561 stones (quivered)
 r - 123 sling bullets
 v - 36 bolts
 I - 17 poisoned darts
Armour
 c - a +0 kite shield
 m - a +0 buckler (worn)
 F - a +2 hat of magic resistance (worn)
 O - a +2 hat of intelligence
Magical Staves
 w - an uncursed staff of earth {unknown}
Jewellery
 k - a ring of protection from fire (left tentacle)
 J - an amulet of reflection (around mantle)
 K - a ring of protection from cold (right tentacle)
 L - a ring of resist corrosion (on tentacle)
Wands
 e - a wand of digging (3)
 s - a wand of acid (13)
 u - a wand of disintegration (10)
 x - a wand of flame (12)
 N - a wand of polymorph (1)
Scrolls
 a - 2 scrolls of fog
 i - 3 scrolls of blinking
 j - 12 scrolls of teleportation
 q - 6 scrolls of remove curse
 y - a scroll of noise
 z - a scroll of fear
 A - 2 scrolls of immolation
 B - a scroll of enchant weapon
 H - 4 scrolls of magic mapping
 M - a scroll of vulnerability {unknown}
Potions
 b - a potion of attraction {unknown}
 f - 5 potions of heal wounds
 g - 13 potions of curing
 h - a potion of lignification
 l - 2 potions of resistance
 o - 3 potions of flight
 t - 2 potions of brilliance
 C - a potion of mutation
 D - a potion of magic
 E - 2 potions of cancellation
Books
 G - a manual of Throwing


   Skills:
 - Level 6.0 Fighting
 - Level 10.0 Throwing
 - Level 8.0 Dodging
 - Level 10.0 Stealth
 * Level 7.6 Shields
 - Level 8.0 Unarmed Combat
 - Level 5.0 Spellcasting
 - Level 9.0 Invocations
 + Level 7.8 Evocations


You had 21 spell levels left.
You didn't know any spells.
Your spell library contained the following spells:

 Spells                   Type           Power        Failure   Level
 Sting                    Tmut/Pois      #...         4%          1
 Poisonous Vapours        Pois/Air       #.....       8%          2
 Ignite Poison            Fire/Tmut/Pois #.......     16%         3
 Mephitic Cloud           Conj/Pois/Air  #.......     16%         3
 Cause Fear               Hex            #.........   45%         4
 Olgreb's Toxic Radiance  Pois           #.......     45%         4
 Bolt of Magma            Conj/Fire/Erth #.........   80%         5
 Iskenderun's Battlesphe  Conj           #.......     80%         5
 Silence                  Hex/Air        #.........   80%         5
 Yara's Violent Unravell  Hex/Tmut       #.........   80%         5
 Iron Shot                Conj/Erth      #.........   100%        6
 Orb of Destruction       Conj           #.........   100%        7
 Spellforged Servitor     Conj/Summ      #.........   100%        7
 Discord                  Hex            #.........   100%        8


Dungeon Overview and Level Annotations

Branches:
Dungeon (11/15)            Temple (1/1) D:4            Lair (3/6) D:8
  Snake (0/4) Lair:2      Ossuary (visited)
  Swamp: Lair:2-4    Shoals: Lair:2-4       Orc: D:9-12

Altars:
Ashenzari
Cheibriados
Dithmenos
Elyvilon
Fedhas
Gozag
Hepliaklqana
Kikubaaqudgha
Makhleb
Nemelex Xobeh
Okawaru
Qazlal
Ru
Sif Muna
Trog
Uskayaw
Vehumet
Wu Jian
Xom
Yredelemnul
Zin
The Shining One

Shops:
D:4 }

Portals:
Trove: D:10 (show slimy rune of Zot)

Annotations:
D:10 exclusion: downstairs
D:11 exclusions: hydra and upstairs
Lair:2 exclusion: 2 nagas
Lair:3 exclusion: 2 hydras


Innate Abilities, Weirdness & Mutations

You cannot wear most types of armour.
You are very stealthy in the water. (Stealth+)
You are amphibious.
You can wear up to eight rings at the same time.
You can use your tentacles to constrict eight enemies at once.
Your skin changes colour to match your surroundings (Stealth+).
Your rubbery body absorbs attacks. (AC +1, EV +1)
One of your tentacles bears a spike.
Scrolls take you a little longer to read.
Your natural rate of healing is unusually fast.


Message History

The basilisk is severely wounded.
You constrict the basilisk! The cane toad stings you!! The basilisk bites you.
The cane toad stings you!!
You are poisoned.
The cane toad poisons you!
You have turned to stone.
You constrict the basilisk.
You kill the basilisk!
Cheibriados appreciates the change of pace.
The cane toad barely misses you. The cane toad stings you!
The cane toad stings you!! The cane toad stings you!!
* * * LOW HITPOINT WARNING * * *
The cane toad stings you but does no damage.
The cane toad stings you!
* * * LOW HITPOINT WARNING * * *
The cane toad stings you!!
* * * LOW HITPOINT WARNING * * *
The cane toad stings you!
You die...

......... ....
...$#..#.......
........#......
............#.P...P ####
..... .............
#..##..... ........P.#
..>........ #F.#.....
......<....####.@#... .
.................#.###...
.........................
#...#..###...............
...#.#####.......##.#....
....## #........# ## #..
...P# ###.......##
....####..........#
#................##


You could see a cane toad.

Vanquished Creatures
  Gastronok (Lair:2)
  A two-headed ogre (D:9)
  2 unseen horrors
  An ugly thing (D:11)
  An oklob plant (Lair:2)
  A cyclops (D:9)
  A black mamba (Lair:1)
  3 cane toads
  Maggie (D:8)
  6 komodo dragons
  The ghost of Kinoniko the Cutter, a novice KoHu (D:5)
  A guardian mummy (D:10)
  4 polar bears
  3 wyverns
  18 yaks
  3 basilisks
  9 water moccasins
  5 ice beasts
  4 black bears
  3 sky beasts
  4 phantoms
  2 necrophages
  4 ogres
  The ghost of drd the Skirmisher, an amateur DsBe of Trog (D:3)
  5 wolves (Lair:1)
  2 big kobolds
  4 centaurs
  10 bullfrogs
  2 gnoll sergeants
  2 water moccasin zombies (Ossuary)
  6 scorpions
  4 killer bees (D:11)
  13 wights
  2 howler monkeys (D:8)
  4 bullfrog zombies
  2 jellies
  A centaur skeleton (D:5)
  A gnoll shaman (D:6)
  2 hounds
  7 orc priests
  5 iguanas
  11 orc wizards
  3 hell rats (D:8)
  7 worker ants
  A killer bee zombie (D:7)
  4 big kobold zombies (Ossuary)
  A hound zombie (D:5)
  3 hound skeletons
  2 mummies (Ossuary)
  A howler monkey zombie (D:8)
  2 worker ant zombies
  10 gnolls
  2 howler monkey skeletons
  17 adders
  4 river rats (D:8)
  3 shadow imps
  5 white imps
  An ufetubus (D:9)
  3 adder zombies
  2 adder skeletons
  5 worms
  3 dart slugs (D:1)
  6 leopard geckos
  34 orcs
  2 ball pythons
  9 bats
  14 giant cockroaches
  8 goblins
  12 hobgoblins
  10 jackals
  6 quokkas
  2 frilled lizards (D:3)
  3 gnoll zombies (Ossuary)
  6 hobgoblin zombies (Ossuary)
  A jackal skeleton (D:3)
  12 kobolds
  3 kobold zombies (Ossuary)
  A leopard gecko skeleton (D:5)
  4 orc zombies (Ossuary)
  A quokka skeleton (D:5)
  23 rats
399 creatures vanquished.

Vanquished Creatures (others)
  A human (D:6)
  54 fungi
  47 plants
102 creatures vanquished.

Grand Total: 501 creatures vanquished

Notes
Turn   | Place    | Note
-------+----------+-------------------------------------------
     0 | D:5      | RaHiT the Octopode Delver began the quest for the Orb.
     0 | D:5      | Reached XP level 1. HP: 16/16 MP: 1/1
    13 | D:5      | Noticed a hound
    21 | D:5      | Found a runed translucent door.
    33 | D:5      | Killed a hound
    34 | D:5      | Reached XP level 2. HP: 17/21 MP: 2/2
    34 | D:5      | Reached XP level 3. HP: 21/26 MP: 3/3
    42 | D:5      | Found a runed translucent door.
    42 | D:5      | Noticed Kinoniko's ghost (novice KoHu)
    42 | D:5      | Noticed a bullfrog
    69 | D:5      | Noticed a scorpion
    84 | D:5      | Noticed a sky beast
   552 | D:3      | Found a runed translucent gate.
   552 | D:3      | Found a runed translucent gate.
   555 | D:3      | Found a runed translucent gate.
   556 | D:3      | Noticed drd's ghost (amateur DsBe)
   663 | D:2      | Found a snail-covered altar of Cheibriados.
   674 | D:2      | Became a worshipper of Cheibriados the Contemplative
   858 | D:1      | Reached XP level 4. HP: 31/31 MP: 5/5
   899 | D:1      | Reached skill level 1 in Spellcasting
  1060 | D:1      | Reached * piety under Cheibriados
  1706 | D:2      | Reached XP level 5. HP: 19/36 MP: 7/7
  1707 | D:2      | Gained mutation: One of your tentacles bears a spike.
                  | [potion of mutation]
  1707 | D:2      | Gained mutation: Scrolls take you a little longer to read.
                  | [potion of mutation]
  1707 | D:2      | Gained mutation: Your natural rate of healing is unusually
                  | fast. [potion of mutation]
  1720 | D:2      | Reached ** piety under Cheibriados
  2311 | D:3      | Reached skill level 5 in Unarmed Combat
  2311 | D:3      | Reached XP level 6. HP: 41/42 MP: 9/9
  2416 | D:3      | Found a basalt altar of Yredelemnul.
  2504 | D:3      | Reached *** piety under Cheibriados
  2888 | D:4      | Noticed a phantom
  3092 | D:4      | Found Suohir's Gadget Boutique.
  3333 | D:4      | Killed a phantom
  3334 | D:4      | Reached XP level 7. HP: 33/46 MP: 10/10
  3527 | D:4      | Found a staircase to the Ecumenical Temple.
  3533 | Temple   | Entered the Ecumenical Temple
  3797 | D:5      | Reached **** piety under Cheibriados
  3942 | D:5      | Reached XP level 8. HP: 52/52 MP: 11/11
  4135 | D:5      | Reached skill level 5 in Dodging
  4193 | D:5      | Found a white marble altar of Elyvilon.
  4410 | D:5      | Noticed a moth of wrath
  4413 | D:5      | Found a bloodstained altar of Trog.
  4617 | D:6      | Found an ancient bone altar of Kikubaaqudgha.
  4854 | D:6      | Reached ***** piety under Cheibriados
  5060 | D:6      | Reached skill level 1 in Shields
  5112 | D:6      | Reached skill level 10 in Stealth
  5181 | D:6      | Reached skill level 1 in Invocations
  5214 | D:6      | Reached XP level 9. HP: 38/56 MP: 12/12
  5278 | D:6      | Found an ornate altar of the Wu Jian Council.
  5278 | D:6      | Found a sparkling altar of Nemelex Xobeh.
  5278 | D:6      | Found a hazy altar of Hepliaklqana.
  5278 | D:6      | Found a stormy altar of Qazlal.
  5498 | D:7      | Found a sacrificial altar of Ru.
  5546 | D:7      | Found a hide-covered altar of Uskayaw.
  5561 | D:7      | Reached skill level 5 in Shields
  5680 | D:7      | Found a sand-covered staircase.
  5685 | Ossuary  | Entered an ossuary
  5759 | Ossuary  | Reached skill level 1 in Throwing
  5817 | Ossuary  | Reached ****** piety under Cheibriados
  5991 | D:7      | Found a burning altar of Makhleb.
  6163 | D:7      | Reached skill level 5 in Invocations
  6221 | D:7      | Found a glowing golden altar of the Shining One.
  6282 | D:7      | Identified 3 scrolls of acquirement
  6284 | D:7      | Acquired a manual of Throwing
  6287 | D:7      | Acquired 680 gold pieces
  6290 | D:7      | Acquired a +0 hat of magic resistance
  6576 | D:8      | Reached skill level 5 in Throwing
  6602 | D:8      | Reached XP level 10. HP: 63/63 MP: 14/14
  6817 | D:8      | Found a staircase to the Lair.
  6852 | D:8      | Reached skill level 5 in Fighting
  6898 | D:8      | Found an opulent altar of Gozag.
  7003 | D:8      | Found the +0 sword of Power
  7221 | D:8      | Found the +2 ratskin cloak {*Rats rPois rN+ Str-1 Int-1
                  | Dex+1}
  7316 | D:8      | Noticed Maggie
  7324 | D:8      | Killed Maggie
  7469 | D:8      | Found a broken altar of Ashenzari.
  7709 | D:9      | Found a broken altar of Ashenzari.
  7718 | D:9      | Noticed a cyclops
  7735 | D:9      | Killed a cyclops
  7757 | D:9      | Noticed a two-headed ogre
  7770 | D:9      | Killed a two-headed ogre
  7771 | D:9      | Reached XP level 11. HP: 72/72 MP: 17/17
  8060 | D:9      | Reached skill level 1 in Evocations
  8223 | D:10     | Entered Level 10 of the Dungeon
  8476 | D:10     | Killed an unseen horror
  8817 | D:10     | Found a portal to a secret trove of treasure.
  8832 | D:10     | HP: 3/72 [something (6)]
  9031 | D:11     | Noticed a purple ugly thing
  9329 | D:11     | Noticed a six-headed hydra
  9357 | D:11     | Noticed a red ugly thing
  9367 | D:11     | Killed a red ugly thing
  9368 | D:11     | Reached skill level 5 in Evocations
  9639 | D:11     | Killed an unseen horror
  9819 | D:11     | Reached skill level 10 in Throwing
 10037 | D:3      | Killed drd's ghost
 10130 | D:5      | Killed Kinoniko's ghost
 10218 | Lair:1   | Entered Level 1 of the Lair of Beasts
 10820 | Lair:1   | Acquired 901 gold pieces
 11049 | Lair:1   | Reached XP level 12. HP: 51/79 MP: 18/18
 11456 | Lair:2   | Found a staircase to the Snake Pit.
 11468 | Lair:2   | Noticed Gastronok
 11674 | Lair:2   | Reached skill level 5 in Spellcasting
 12008 | Lair:2   | Killed Gastronok
 12403 | Lair:3   | Noticed a five-headed hydra
 12656 | Lair:3   | Noticed a five-headed hydra
 12746 | Lair:3   | HP: 1/79 [cane toad (11)]
 12747 | Lair:3   | Slain by a cane toad

Illustrated notes

Levels and vault maps discovered:
D:1:      wander_arrival_chamber, layout_basic, serial_forest,
          infiniplex_forest_lined_corner, infiniplex_forest_lined_2,
          infiniplex_forest_lined_3_way, infiniplex_forest_straight_4,
          infiniplex_forest_lined_corner, infiniplex_forest_zigzag_1,
          minmay_misc_feat_tower, minmay_hexomino_u4
D:2:      layout_basic, lemuel_doored_altar, kennysheep_small_spiral
D:3:      layout_basic, lemuel_crystal_altar, gammafunk_ghost_necromancy
D:4:      layout_loops_ring, minmay_temple_entry_fiery, serial_shops,
          kennysheep_mini
D:5:      layout_cave_pools, tgw_trog, ebering_ghost_sewer_f, elyvilon_altar_4
D:6:      layout_basic, grunt_temple_overflow_cloverleaf, gup_sewer_entry_pipe,
          hangedman_decor_riveting, tgw_kikubaaqudgha
D:7:      layout_cave_pools, nicolae_ru_sacrificial_ziggurat,
          general_overflow_altar, kennysheep_little_box,
          nicolae_tso_carved_into_rock, enter_ossuary_2, minmay_between
D:8:      wander_guarded_unrand_ratskin, layout_basic, grunt_gozag_statues,
          due_lair_maze_entry_diamond, basic_altar, uniq_maggie
D:9:      layout_roguey, old_standard_altar
D:10:     layout_roguey, nicolae_trove_entry_path_of_doom
D:11:     layout_roguey
Temple:   compressed_dpeg_triangle_lava_temple
Lair:1:   layout_roguey, cheibrodos_lair_lostbears, lemuel_fruit_tree,
          infiniplex_staircase_pool_2
Lair:2:   layout_gridlike, guppyfry_snake_entry_garden, minmay_holes,
          grunt_megastairs_3, uniq_gastronok
Lair:3:   layout_chaotic_city, worms_lemuel, lemuel_fruit_fields

Skill      XL: |  1  2  3  4  5  6  7  8  9 10 11 12 |
---------------+-------------------------------------+-----
Stealth        | 7 8 9 10 | 10.0
Unarmed Combat | 3 4 5 6 8 |  8.0
Spellcasting   | 1 2 4 5 |  5.0
Dodging        | 4 6 8 |  8.0
Shields        | 4 6 7 |  7.6
Invocations    | 2 5 9 |  9.0
Throwing       | 5 8 10 | 10.0
Fighting       | 6 |  6.0
Evocations     | 6 7 |  7.8

Action                   |  1- 3 |  4- 6 |  7- 9 | 10-12 || total
-------------------------+-------+-------+-------+-------++-------
Melee: Unarmed           |    37 |   195 |   215 |   427 ||   874
       Constrict         |     8 |    53 |    76 |    79 ||   216
       Tentacles         |     6 |    44 |    80 |   164 ||   294
       Punch             |       |     5 |    26 |    42 ||    73
       Kick              |       |    47 |   134 |   286 ||   467
Throw: Stone             |       |    12 |    73 |   194 ||   279
Invok: Slouch            |       |       |       |     1 ||     1
Evoke: Wand              |       |       |     6 |     1 ||     7
  Use: Potion            |     2 |     4 |       |     4 ||    10
       Scroll            |     1 |     7 |    11 |    11 ||    30
 Stab: Sleeping          |     9 |    25 |    26 |    23 ||    83
       Distracted        |       |     1 |       |     1 ||     2
       Fleeing           |       |       |     1 |       ||     1
Armor: Skin              |     1 |    23 |     2 |     7 ||    33
Dodge: Dodged            |    11 |   107 |   117 |   191 ||   426
Block: Buckler           |       |       |     5 |   166 ||   171

Table legend: (Time is in decaauts)
 A = Elapsed time spent in this place.
 B = Non-inter-level travel time spent in this place.
 C = Inter-level travel time spent in this place.
 D = Time resting spent in this place.
 E = Time spent auto-exploring this place.
 F = Levels seen in this place.
 G = Mean time per level.
                   A        B        C        D        E       F      G
               +--------+--------+--------+--------+--------+-----+--------+
         Total |  19515 |  18041 |   1474 |   1672 |   4630 |  16 | 1219.7 |
       Dungeon |  15422 |  14126 |   1296 |   1233 |   3904 |  11 | 1402.0 |
        Temple |    328 |    293 |     35 |      0 |    291 |   1 |  328.0 |
          Lair |   3522 |   3380 |    142 |    438 |    435 |   3 | 1174.0 |
       Ossuary |    243 |    243 |      0 |      0 |      0 |   1 |  243.0 |
               +--------+--------+--------+--------+--------+-----+--------+

Top non-repeatable levels by time:
     D:8: 1927 daAuts
     D:7: 1764 daAuts
  Lair:1: 1596 daAuts
     D:6: 1588 daAuts
     D:3: 1439 daAuts
     D:5: 1394 daAuts
    D:10: 1379 daAuts
    D:11: 1338 daAuts
     D:4: 1279 daAuts
     D:9: 1266 daAuts
  Lair:2: 1232 daAuts
     D:1: 1095 daAuts
     D:2: 949 daAuts
  Lair:3: 692 daAuts
  Temple: 328 daAuts
